 Dungeon Crawl Stone Soup version 0.32-a0-779-g362cfcae2a (webtiles) character file.

Game seed: 18253883719646261838

257 demenzo the Chopper (level 5, -1/48 HPs)
             Began as a Minotaur Monk on Mar 19, 2024.
             Slain by a gnoll
             ... wielding a +3 whip
              (9 damage)
             ... on level 4 of the Dungeon.
             The game lasted 00:01:28 (760 turns).

demenzo the Chopper (Minotaur Monk)                  Turns: 760, Time: 00:01:29

Health: -1/48      AC:  2    Str: 17    XL:     5   Next: 93%
Magic:  4/4        EV: 12    Int:  7    God:
Gold:   89         SH:  0    Dex: 13    Spells: 4/4 levels left

rFire   . . .        a - +0 hand axe
rCold   . . .        d - orb {light}
rNeg    . . .        b - +0 robe
rPois   .            (helmet restricted)
rElec   .            (no cloak)
rCorr   .            (no gloves)
SInv    .            (no boots)
Will    .....        (no amulet)
Stlth   +            (no ring)
HPRegen 0.28/turn    (no ring)
MPRegen 0.09/turn

%: no passive effects
@: confused, ambrosia-drunk, glowing
A: horns 2, retaliatory headbutt
a: no special abilities


You were on level 4 of the Dungeon.
You visited 2 branches of the dungeon, and saw 5 of its levels.

You collected 89 gold pieces.

Inventory:

Hand Weapons
 a - a +0 hand axe (weapon)
Armour
 b - a +0 robe (worn)
 d - an orb of light (worn)
Scrolls
 c - a scroll of blinking {unknown}
 e - 2 scrolls of identify {unknown}
 g - 2 scrolls of acquirement {unknown}
 h - a scroll of teleportation {unknown}
 j - a scroll of vulnerability {unknown}
 k - a scroll of fear {unknown}
Potions
 f - 2 potions of lignification {unknown}
 i - a potion of haste {unknown}


   Skills:
 + Level 5.0 Fighting
 * Level 6.3 Axes
 + Level 4.6 Dodging


You had 4 spell levels left.
You didn't know any spells.
Your spell library contained the following spells:

 Spells                   Type           Power      Damage    Failure   Level
 Call Imp                 Summ           0%         N/A       56%         2
 Sublimation of Blood     Necr           0%         N/A       56%         2
 Summon Hydra             Summ           0%         N/A       100%        7


Dungeon Overview and Level Annotations

Branches:
Dungeon (4/15) Zot: 23237  Temple (1/1) D:4 Zot: 5998

Altars:
Ashenzari
Cheibriados
Elyvilon
Fedhas
Gozag
Hepliaklqana
Kikubaaqudgha
Nemelex Xobeh
Okawaru
Qazlal
Ru
Trog
Uskayaw
Vehumet
Wu Jian
Xom
Zin


Innate Abilities, Weirdness & Mutations

You have a pair of horns on your head.
You reflexively headbutt those who attack you in melee.


Message History

There are monsters nearby!
You slash the gnoll!
The gnoll is heavily wounded.
The gnoll misses you.
There are monsters nearby!
You hit the gnoll. You headbutt the gnoll.
You kill the gnoll!
The gnoll throws a throwing net.
The throwing net hits you.
You become entangled in the net!
You stop descending the stairs.
The gnoll hits you from afar with a +0 spear.
Unknown command.
Unknown command.
Unknown command.
You tear a large gash into the net.
The gnoll barely misses you.
You struggle against the net.
The gnoll hits you from afar with a +0 spear!
You struggle against the net.
The gnoll barely misses you. You furiously retaliate!
You headbutt the gnoll! The gnoll hits you with a +3 whip.
The gnoll hits you from afar with a +0 spear.
A goblin comes into view. It is wielding a +0 club.
You shred the net and break free! The gnoll hits you but does no damage.
The gnoll hits you with a +3 whip!
* * * LOW HITPOINT WARNING * * *
The gnoll hits you from afar with a +0 spear.
* * * LOW HITPOINT WARNING * * *
The gnoll closely misses you. You furiously retaliate!
You headbutt the gnoll!
You kill the gnoll!
The gnoll closely misses you. You furiously retaliate!
You headbutt the gnoll. The gnoll barely misses you.
You climb downwards.
There is a stone staircase leading up here.
You can't go down here!
You can't go down here!
You can't go down here!
You can't go down here!
You are confused.
You feel invigorated. The gnoll hits you with a +3 whip!
You die...

...#### #...###
...... ......## #
..⌠.. ###...#..(#.
#.....
.........#..##..#.#.
...... ....##..##.##
# #.#..#
#.#....##...# #.
#.#.g# #.#..⌠....>..
#.. #.#@.#
#.#....##...#
#..##.#..#
#.#.##..##.##
#........#
#....##..#.#.
#.......##
#..[..##.....
#..##...#
#.###.)#..⌠..
#..##...####.#
#.......
#..........)>#
#####...
##.##...###### #..#
...>....# #..#


You could see a gnoll.

Vanquished Creatures
  Sigmund (D:4)
  2 orc wizards (D:4)
  2 gnolls (D:3)
  2 orcs (D:4)
  An endoplasm (D:1)
  2 giant cockroaches (D:1)
  2 goblins
  A hobgoblin (D:1)
  A quokka (D:1)
  4 ball pythons (D:1)
  A bat (D:1)
  3 frilled lizards (D:1)
  3 kobolds (D:1)
  3 rats (D:1)
28 creatures vanquished.

Notes
Turn   | Place    | Note
-------+----------+-------------------------------------------
     0 | D:1      | demenzo the Minotaur Monk began the quest for the Orb.
     0 | D:1      | Reached XP level 1. HP: 19/19 MP: 0/0
   194 | D:1      | Reached skill level 4 in Axes
   197 | D:1      | Reached XP level 2. HP: 27/27 MP: 1/1
   601 | D:2      | You fall into a shaft and drop 2 floors!
   601 | D:4      | Found a staircase to the Ecumenical Temple.
   605 | Temple   | Entered the Ecumenical Temple
   646 | D:4      | Noticed Sigmund
   654 | D:4      | Killed Sigmund
   655 | D:4      | Reached skill level 5 in Axes
   655 | D:4      | Reached XP level 3. HP: 25/35 MP: 2/2
   655 | D:4      | Reached XP level 4. HP: 30/41 MP: 3/3
   655 | D:4      | Reached XP level 5. HP: 34/47 MP: 4/4
   713 | D:4      | Reached skill level 6 in Axes
   720 | D:4      | Reached skill level 5 in Fighting
   757 | D:3      | HP: 2/48 [gnoll/+0 spear (6)]
   760 | D:4      | Slain by a gnoll

Illustrated notes

Levels and vault maps discovered:
D:1:      matt_arrival_los_fun, layout_rooms, chequers_arboretum
D:2:      layout_basic
D:3:      layout_basic, yredelemnul_altar_generic, glass_columns_a,
          kennysheep_generic_room_8, uniq_robin
D:4:      layout_loops_ring, general_overflow_altar, amcnicky_altar_gilded,
          minmay_temple_entry_waves, serial_library_hellmonk_long_bookcase,
          dk_noncrumbling_2, nicolae_shop_sticking_my_neck_out, uniq_sigmund
Temple:   minmay_crystal_spiral_temple

Skill      XL: |  1  2  3  4  5 |
---------------+----------------+-----
Axes           | 4 5 6 |  6.3
Fighting       | 4 5 |  5.0
Dodging        | 4 |  4.6

Action                     |  1- 3 |  4- 6 || total
---------------------------+-------+-------++-------
  Melee: Hand axe          |    34 |    11 ||    45
         Headbutt          |     6 |     5 ||    11
    Use: Potion            |       |     1 ||     1
 Armour: Robe              |    12 |    13 ||    25
  Dodge: Dodged            |    18 |     9 ||    27

Table legend: (Time is in decaauts)
 A = Elapsed time spent in this place.
 B = Non-inter-level travel time spent in this place.
 C = Inter-level travel time spent in this place.
 D = Time resting spent in this place.
 E = Time spent auto-exploring this place.
 F = Levels seen in this place.
 G = Mean time per level.
                   A        B        C        D        E       F      G
               +--------+--------+--------+--------+--------+-----+--------+
         Total |    763 |    733 |     30 |      2 |    547 |   5 |  152.6 |
       Dungeon |    761 |    731 |     30 |      2 |    547 |   4 |  190.2 |
        Temple |      1 |      1 |      0 |      0 |      0 |   1 |    1.0 |
               +--------+--------+--------+--------+--------+-----+--------+

Top non-repeatable levels by time:
     D:1: 586 daAuts
     D:4: 149 daAuts
     D:2: 16 daAuts
     D:3: 8 daAuts
  Temple: 1 daAuts
